Map: Lightshade LE

Players

Clem - Winner!

  • Race: Terran Terran

MarineLorD

  • Race: Terran Terran
  • League: Master

Event: DreamHack SC2 Masters 2021 Winter

VOD

Have the link to the VOD?

Description

Time

  • Played on: Oct. 16, 2021, 1:48 p.m.
  • Length: 7:19

All games in this series

Show
View Real Time Build Order
Export as new Build Order

Clem Terran - Winner!

Build Orders:  

Get SALT Encoding   

  12  0:00  SCV  
  13  0:12  SCV  
  14  0:17  Supply Depot  
  14  0:25  SCV  
  15  0:38  SCV  
  15  0:40  Barracks  
  16  0:43  Refinery  
  16  0:51  SCV  
  16  0:52  Refinery  
  17  1:03  SCV  
  18  1:15  SCV  
  19  1:27  Reaper, Orbital Command  
  19  1:28  Supply Depot  
  20  1:43  Factory  
  20  1:53  SCV  
  21  2:01  Barracks Reactor  
  21  2:05  SCV  
  22  2:19  Command Center  
  22  2:22  SCV  
  23  2:28  Hellion  
  25  2:34  SCV  
  25  2:38  Reaper x2  
  25  2:43  Supply Depot  
  27  2:46  SCV  
  27  2:49  Hellion  
  30  2:55  Starport  
  30  2:58  SCV  
  31  3:10  SCV, Marine x2  
  31  3:11  Factory Tech Lab  
  34  3:22  SCV  
  35  3:29  Refinery  
  31  3:35  Medivac  
  31  3:37  Cyclone  
  31  3:38  Orbital Command  
  36  3:43  SCV  
  36  3:46  Marine x2  
  39  3:55  SCV  
  39  4:04  SCV  
  39  4:07  SCV  
  39  4:10  Marine x2  
  39  4:16  SCV  
  42  4:19  SCV, Factory Tech Lab  
  42  4:20  Raven  
  42  4:23  Supply Depot  
  45  4:28  SCV, Marine x2  
  48  4:31  SCV  
  49  4:39  Siege Tank  
  49  4:40  SCV  
  49  4:43  SCV  
  51  4:55  SCV  
  51  4:58  Marine  
  51  4:59  Command Center  
  53  5:01  Marine  
  53  5:03  Raven  
  53  5:05  SCV  
  52  5:08  SCV  
  52  5:09  Supply Depot  
  52  5:13  Siege Tank  
  56  5:16  Marine  
  56  5:17  SCV  
  56  5:20  SCV  
  59  5:22  Refinery, Marine  
  60  5:29  Barracks  
  60  5:31  Barracks  
  60  5:33  SCV x2  
  62  5:36  Supply Depot  
  62  5:45  SCV, Siege Tank  
  66  5:51  SCV  
  66  5:56  Supply Depot  
  67  6:02  Viking  
  67  6:03  Viking, Marine  
  70  6:05  SCV x2  
  70  6:08  Supply Depot  
  72  6:17  SCV  
  72  6:18  Engineering Bay x2  
  73  6:19  Barracks Reactor  
  73  6:20  Barracks Reactor  
  73  6:21  Marine  
  73  6:22  SCV  
  75  6:27  Siege Tank  
  75  6:29  SCV  
  79  6:39  Viking  
  81  6:41  SCV  
  81  6:43  Marine  
  81  6:44  Supply Depot, SCV  
  84  6:54  Supply Depot  
  84  6:55  SCV  
  84  6:57  Marine x3  
  84  6:58  Marine  
Show
View Real Time Build Order
Export as new Build Order

MarineLorD Terran 

Build Orders:  

Get SALT Encoding   

  12  0:00  SCV  
  13  0:12  SCV  
  14  0:17  Supply Depot  
  14  0:24  SCV  
  15  0:38  SCV  
  15  0:39  Barracks  
  16  0:43  Refinery  
  16  0:50  SCV  
  16  0:53  Refinery  
  17  1:02  SCV  
  18  1:15  SCV  
  19  1:25  Reaper  
  19  1:27  Supply Depot, Orbital Command  
  20  1:41  Factory  
  20  1:52  SCV  
  21  1:58  Barracks Reactor  
  21  2:04  SCV  
  22  2:16  SCV  
  22  2:18  Command Center  
  23  2:28  SCV  
  24  2:32  Hellion  
  24  2:36  Reaper x2  
  28  2:41  Supply Depot, SCV  
  28  2:53  Hellion, SCV  
  28  2:56  Starport  
  31  3:05  SCV  
  31  3:08  Reaper x2  
  34  3:15  Hellion  
  34  3:18  Refinery  
  34  3:19  SCV  
  37  3:31  SCV  
  36  3:39  Orbital Command  
  34  3:43  SCV  
  34  3:47  Marine x2  
  34  3:48  Starport Tech Lab, Factory Tech Lab  
  36  3:55  SCV  
  36  4:05  Marine x2  
  36  4:07  SCV  
  36  4:09  Cyclone  
  39  4:10  Raven  
  39  4:12  SCV  
  42  4:19  SCV  
  42  4:23  Marine x2  
  45  4:24  SCV  
  46  4:32  SCV  
  46  4:36  SCV  
  48  4:41  Marine x2  
  48  4:44  SCV  
  48  4:45  Siege Tank  
  51  4:48  SCV  
  47  4:56  SCV, Raven  
  47  4:59  Marine  
  50  5:00  SCV  
  48  5:08  SCV  
  48  5:10  Command Center  
  48  5:12  Supply Depot, SCV  
  51  5:20  SCV  
  51  5:25  SCV  
  52  5:28  Refinery  
  52  5:29  Marine  
  52  5:30  Supply Depot, Marine  
  52  5:31  Supply Depot  
  52  5:34  SCV, Siege Tank  
  58  5:37  SCV  
  58  5:39  Raven  
  61  5:44  Supply Depot  
  61  5:46  SCV  
  61  5:47  Supply Depot  
  62  5:51  Marine x2  
  62  5:52  SCV  
  65  5:58  SCV  
  65  6:04  SCV  
  64  6:09  Marine x2  
  64  6:10  SCV  
  64  6:11  Barracks  
  67  6:12  Barracks  
  67  6:15  Siege Tank  
  67  6:16  SCV  
  70  6:21  Supply Depot  
  70  6:22  SCV  
  71  6:32  Orbital Command  
  71  6:34  SCV  
  71  6:36  SCV  
  71  6:39  Viking x2  
  76  6:48  Marine  
  76  6:52  SCV  
  81  6:59  SCV x2  

Tags
 
Add a new tag
Caveats
  • Supply blocks, unpowered buildings, or Contaminate may cause inaccurate times.
  • Supply counts are checked every 10 seconds.